 Dungeon Crawl Stone Soup version 0.31-a0-187-gba352fbbf7 (webtiles) character file.

Game seed: 5014149619997677517

969 qw the Skirmisher (level 7, -4/40 HPs)
             Began as a Deep Elf Hunter on June 22, 2023.
             Was a Follower of Okawaru.
             Slain by a bullfrog (5 damage)
             ... on level 6 of the Dungeon.
             The game lasted 00:03:16 (4944 turns).

qw the Skirmisher (Deep Elf Hunter)                 Turns: 4944, Time: 00:03:16

Health: -4/40      AC: 12    Str: 12    XL:     7   Next: 94%
Magic:  16/18      EV: 16    Int: 20    God:    Okawaru [*.....]
Gold:   202        SH:  0    Dex: 21    Spells: 6/6 levels left

rFire   . . .        Y - +1 shortbow
rCold   . . .        (shield currently unavailable)
rNeg    . . .        e - +0 ring mail
rPois   .            (no helmet)
rElec   .            n - +0 cloak
rCorr   .            (no gloves)
SInv    .            g - +0 pair of boots
Will    .....        (no amulet)
Stlth   +++          a - +4 ring of protection
HPRegen 0.26/turn    k - ring "Etsujuxt" {MP+9 Str+2 Int+6 Dex+3}
MPRegen 0.16/turn

%: no passive effects
@: heroic
A: no striking features
a: Renounce Religion, Heroism


You were on level 6 of the Dungeon.
You worshipped Okawaru.
Okawaru was aware of your devotion.
You visited 1 branch of the dungeon, and saw 6 of its levels.

You collected 202 gold pieces.


   Skills:
 - Level 2.7(7.7) Fighting
 + Level 11.7(16.7) Ranged Weapons
 - Level 1.1(6.1) Armour
 - Level 4.1(9.1) Dodging
 - Level 1.2(6.2) Stealth
 + Level 0.0 Invocations


You had 6 spell levels left.
You didn't know any spells.
Your spell library was empty.

Inventory:

Hand Weapons
 Y - a +1 shortbow (weapon)
Armour
 e - a +0 ring mail (worn)
 g - a +0 pair of boots (worn)
 n - a +0 cloak (worn)
Jewellery
 a - a +4 ring of protection (left hand)
 k - the ring "Etsujuxt" (right hand) {MP+9 Str+2 Int+6 Dex+3}
   (You acquired it on level 5 of the Dungeon)

   [ring of intelligence]

   Str:       It affects your strength (+2).
   Int:       It affects your intelligence (+6).
   Dex:       It affects your dexterity (+3).
   MP:        It affects your magic capacity (+9).
Scrolls
 i - a scroll of identify
Potions
 d - a potion of degeneration {unknown}
 f - a potion of curing
 h - a potion of mutation {unknown}
 j - a potion of resistance {unknown}

Dungeon Overview and Level Annotations

Branches:
Dungeon (6/15)             Temple (0/1) D:6

Altars:
Elyvilon
Okawaru
Trog
Zin

Annotations:
D:4 1 runed translucent door, qw's ghost, novice GrFi


Message History

You shoot an arrow. The arrow hits the ice beast.
The ice beast is heavily wounded.
The bullfrog closely misses you. The ice beast closely misses you.
The orc hits you but does no damage. The bullfrog misses you.
You shoot an arrow. The arrow hits the ice beast.
The ice beast is heavily wounded.
The ice beast hits you. The ice beast freezes you! The orc closely misses you.
The bullfrog barely misses you.
You shoot an arrow. The arrow closely misses the ice beast.
The bullfrog hits you.
The ice beast hits you but does no damage.
The orc barely misses you.
An orc wizard comes into view. It is wielding a +0 dagger.
The bullfrog barely misses you.
You shoot an arrow. The orc wizard shouts!
The arrow hits the ice beast!
The ice beast is almost dead.
The ice beast hits you. The ice beast freezes you.
The orc hits you with a +0 dagger.
The bullfrog hits you but does no damage.
You shoot an arrow. The arrow hits the ice beast!
You kill the ice beast!
Okawaru accepts your kill.
You can now gain great but temporary skills.
The bullfrog closely misses you. The orc barely misses you.
The bullfrog barely misses you.
4941 ||| INVOKING Heroism.
You gain the combat prowess of a mighty hero.
The orc hits you with a +0 dagger. The bullfrog closely misses you.
You shoot an arrow.
The arrow hits the bullfrog but does no damage.
The bullfrog closely misses you. The orc completely misses you.
The bullfrog hits you.
You shoot an arrow. The arrow closely misses the bullfrog.
The scorpion closely misses you. The orc misses you.
The bullfrog closely misses you.
You shoot an arrow. The arrow barely misses the bullfrog.
The bullfrog hits you.
You die...

....... #.
..#.#...## #.
.#.#.#...# ###.
#.#.#.#).# .#.
.#.>.#...## ..
#.#.#.#...# o#
.#.#.#..#.####F#.#
..#.#........@o..#
.........#####s###
########.# ..o #.#
.##.# #.# .# ..
#######.####>.# #.
...(..........#
#######.####.##
#.####.# #### #


You could see a bullfrog, a scorpion, an orc wizard and 2 orcs.

Vanquished Creatures
  Eustachio (D:5)
  An ice beast (D:6)
  2 ogres (D:4)
  A bullfrog (D:6)
  A howler monkey (D:5)
  3 hounds
  3 iguanas
  4 orc wizards
  3 gnolls (D:3)
  3 adders
  2 shadow imps
  A white imp (D:6)
  2 ufetubi (D:5)
  3 worms
  2 dart slugs
  14 orcs
  9 ball pythons
  10 endoplasms
  3 giant cockroaches
  9 goblins
  4 hobgoblins
  6 quokkas
  5 bats
  2 frilled lizards
  10 kobolds
  8 rats
112 creatures vanquished.

Notes
Turn   | Place    | Note
-------+----------+-------------------------------------------
     0 | D:1      | qw the Deep Elf Hunter began the quest for the Orb.
     0 | D:1      | Reached XP level 1. HP: 12/12 MP: 3/3
     0 | D:1      | 0 ||| qw: Version: 0.3-a-9-g12657ce
     0 | D:1      | 0 ||| qw: Game counter: 2724
     0 | D:1      | 0 ||| qw: Always use a shield: true
     0 | D:1      | 0 ||| qw: God list: Okawaru
     0 | D:1      | 0 ||| qw: Allow faded altars: false
     0 | D:1      | 0 ||| qw: Do Orc after D:15 true
     0 | D:1      | 0 ||| qw: Do second Lair branch before Depths: true
     0 | D:1      | 0 ||| qw: Lair rune preference: random
     0 | D:1      | 0 ||| qw: Plans: Normal
     0 | D:1      | 0 ||| PLANNING D:1-11
    81 | D:1      | Found a faded altar of an unknown god.
   175 | D:1      | Reached skill level 6 in Ranged Weapons
   175 | D:1      | Reached XP level 2. HP: 16/16 MP: 4/4
   665 | D:1      | 665 ||| UPGRADING to +0 pair of boots.
   670 | D:1      | 670 ||| READING scroll labelled ISE NETANO.
   671 | D:1      | 671 ||| READING scroll labelled RYSCHI NEAG.
   700 | D:1      | 700 ||| DROPPING scroll of butterflies.
   766 | D:2      | Reached XP level 3. HP: 20/20 MP: 5/5
   922 | D:2      | Reached skill level 7 in Ranged Weapons
  1179 | D:2      | 1179 ||| UPGRADING to +0 ring mail.
  1189 | D:2      | 1189 ||| DROPPING +0 leather armour.
  1206 | D:3      | 1206 ||| STAIRDANCE
  1213 | D:2      | Reached XP level 4. HP: 13/25 MP: 6/6
  1292 | D:3      | Identified the +0 leather armour "Kiwutwoosm" {rCorr Str+2
                  | Dex-5 SInv}
  1392 | D:3      | 1392 ||| Stepping ~*~*~tactically~*~*~ (outnumbered).
  1401 | D:3      | Reached skill level 8 in Ranged Weapons
  1606 | D:3      | Reached XP level 5. HP: 29/29 MP: 7/7
  1703 | D:3      | Found a faded altar of an unknown god.
  1706 | D:3      | Found an iron altar of Okawaru.
  1973 | D:3      | 1973 ||| DROPPING +0 leather armour "Kiwutwoosm" {rCorr
                  | Str+2 Dex-5 SInv}.
  1974 | D:3      | 1974 ||| UPGRADING to +0 cloak.
  1979 | D:3      | 1979 ||| READING scroll labelled BAPTANE VUME.
  1982 | D:3      | 1982 ||| READING scroll labelled SAON JA XYKHLIO.
  1983 | D:3      | 1983 ||| READING scroll labelled CAJIRPH DAOSSA.
  1984 | D:3      | 1984 ||| READING scroll labelled JEPRUK NOMONI.
  1985 | D:3      | 1985 ||| READING scroll labelled SUCVUN NYERGHUPT.
  1986 | D:3      | 1986 ||| READING scroll labelled GUANOCOCO.
  1987 | D:3      | 1987 ||| DRINKING 2 fizzy emerald potions.
  1988 | D:3      | 1988 ||| READING 2 scrolls of identify.
  1988 | D:3      | 1988 ||| IDENTIFYING purple potion
  1990 | D:3      | 1990 ||| Stepping ~*~*~tactically~*~*~ (cloud).
  2201 | D:4      | Reached skill level 9 in Ranged Weapons
  2304 | D:4      | Found a runed translucent door.
  2306 | D:4      | Noticed qw's ghost (novice GrFi)
  2479 | D:4      | 2479 ||| STAIRDANCE
  2562 | D:4      | Noticed an ogre
  2572 | D:4      | HP: 7/30 [ogre/+0 giant club (9)]
  2573 | D:4      | 2573 ||| DRINKING potion of heal wounds.
  2577 | D:4      | Killed an ogre
  2578 | D:4      | Reached XP level 6. HP: 36/36 MP: 8/8
  2641 | D:4      | 2641 ||| Stepping ~*~*~tactically~*~*~ (outnumbered).
  2645 | D:4      | 2645 ||| Stepping ~*~*~tactically~*~*~ (outnumbered).
  2656 | D:4      | Reached skill level 1 in Armour
  2740 | D:4      | 2740 ||| READING scroll labelled LEDAENNYISH.
  2741 | D:4      | 2741 ||| READING scroll labelled NIUZXI CIGETT.
  2742 | D:4      | 2742 ||| READING 2 scrolls of identify.
  2742 | D:4      | 2742 ||| IDENTIFYING puce potion
  2743 | D:4      | 2743 ||| DROPPING potion of attraction.
  2747 | D:4      | 2747 ||| STAIRDANCE
  2749 | D:3      | 2749 ||| PLANNING OKAWARU WORSHIP
  2754 | D:3      | Became a worshipper of Warmaster Okawaru
  2755 | D:3      | 2755 ||| PLANNING D:1-11
  3190 | D:4      | Found a white marble altar of Elyvilon.
  3948 | D:4      | 3948 ||| Stepping ~*~*~tactically~*~*~ (water).
  4155 | D:4      | 4155 ||| Stepping randomly (stuck).
  4189 | D:5      | Entered Level 5 of the Dungeon
  4214 | D:5      | Reached skill level 10 in Ranged Weapons
  4226 | D:5      | Reached XP level 7. HP: 34/40 MP: 9/9
  4244 | D:5      | Reached skill level 3 in Dodging
  4502 | D:5      | Noticed Eustachio
  4521 | D:5      | Killed Eustachio
  4522 | D:5      | Reached skill level 11 in Ranged Weapons
  4616 | D:5      | Found a glowing silver altar of Zin.
  4616 | D:5      | Noticed an angel
  4729 | D:5      | 4729 ||| UPGRADING to +4 ring of protection.
  4730 | D:5      | 4730 ||| READING scroll labelled ASIEWA IJEWNI.
  4730 | D:5      | Identified a scroll of acquirement
  4730 | D:5      | 4730 ||| ACQUIRING ring "Etsujuxt" {MP+9 Str+2 Int+6 Dex+3}
  4730 | D:5      | Acquired the ring "Etsujuxt" {MP+9 Str+2 Int+6 Dex+3}
  4732 | D:5      | 4732 ||| UPGRADING to ring "Etsujuxt" {MP+9 Str+2 Int+6
                  | Dex+3}.
  4789 | D:5      | 4789 ||| READING 3 scrolls of identify.
  4789 | D:5      | 4789 ||| IDENTIFYING black potion
  4790 | D:5      | 4790 ||| READING 2 scrolls of identify.
  4790 | D:5      | 4790 ||| IDENTIFYING viscous grey potion
  4791 | D:5      | 4791 ||| DROPPING potion of brilliance.
  4792 | D:5      | 4792 ||| DROPPING potion of invisibility.
  4846 | D:6      | Found a bloodstained altar of Trog.
  4912 | D:6      | Found a staircase to the Ecumenical Temple.
  4939 | D:6      | HP: 10/40 [ice beast (1)]
  4939 | D:6      | HP: 4/40 [ice beast (6)]
  4940 | D:6      | Reached * piety under Okawaru
  4941 | D:6      | 4941 ||| INVOKING Heroism.
  4942 | D:6      | HP: 1/40 [bullfrog (1)]
  4944 | D:6      | Slain by a bullfrog

Levels and vault maps discovered:
D:1:      lightli_arrival_maybe_door_vault, layout_loops_ring, serial_forest,
          infiniplex_forest_straight_2, infiniplex_forest_clump_double,
          infiniplex_forest_lined_room_3, infiniplex_forest_clump_double,
          infiniplex_forest_straight_2, infiniplex_forest_3_way,
          infiniplex_forest_join, hellmonk_ecumenical_altar_run_dry
D:2:      layout_rooms
D:3:      layout_loops_ring, nicolae_overflow_ecumenical_swirl
D:4:      layout_basic, lemuel_round_altar, ebering_ghost_inner_flame,
          serial_bayou, serial_bayou_pond_d, serial_bayou_pond_e,
          serial_bayou_pond_c, serial_bayou_ford_a
D:5:      layout_cave_pools, zin_angel, uniq_eustachio
D:6:      layout_loops_ring, minmay_overflow_temple_star_hex,
          nicolae_overflow_hidden_temple, minmay_temple_entry_grid,
          minmay_misc_feat_more_columns

Skill      XL: |  1  2  3  4  5  6  7 |
---------------+----------------------+-----
Ranged Weapons | 6 7 8 9 10 11 | 11.7
Fighting       | 2 |  2.7
Armour         | 1 |  1.1
Dodging        | 4 |  4.1
Stealth        | |  1.2

Action                     |  1- 3 |  4- 6 |  7- 9 || total
---------------------------+-------+-------+-------++-------
   Fire: Shortbow          |   108 |   197 |    90 ||   395
 Invoke: Heroism           |       |       |     1 ||     1
    Use: Scroll            |     2 |    10 |     3 ||    15
         Potion            |       |     2 |       ||     2
 Armour: Leather armour    |    12 |       |       ||    12
         Ring mail         |     2 |    29 |    21 ||    52
  Dodge: Dodged            |    34 |    47 |    34 ||   115

Table legend:
 A = Non-vault XP
 B = Vault XP
 C = Vault XP percentage of total XP
 D = Non-vault monster count
 E = Vault monster count
 F = Vault count percentage of total count
                 A         B        C        D         E       F
            +---------+---------+-------+---------+---------+-------
      Total |    1200 |     185 |  13.4 |     111 |       1 |   0.9
            +---------+---------+-------+---------+---------+-------
        D:1 |      37 |       0 |   0.0 |      21 |       0 |   0.0
        D:2 |      76 |       0 |   0.0 |      25 |       0 |   0.0
        D:3 |      91 |       0 |   0.0 |      24 |       0 |   0.0
        D:4 |     460 |       0 |   0.0 |      24 |       0 |   0.0
        D:5 |     292 |     185 |  38.8 |      13 |       1 |   7.1
        D:6 |     244 |       0 |   0.0 |       4 |       0 |   0.0
            +---------+---------+-------+---------+---------+-------
